 Dungeon Crawl Stone Soup version 0.24.0-123-gd5b16e6ec5 (webtiles) character file.

Game seed: 9884164662743153497, levelgen mode: deterministic

30 FishyPogo the Skirmisher (level 3, -6/29 HPs)
             Began as a Demonspawn Fighter on Jan 25, 2020.
             Mangled by Sigmund
             ... wielding a +0 scythe
              (9 damage)
             ... on level 2 of the Dungeon.
             The game lasted 00:01:20 (588 turns).

FishyPogo the Skirmisher (Demonspawn Fighter)        Turns: 588, Time: 00:01:20

Health: -6/29      AC:  7    Str: 17    XL:     3   Next: 5%
Magic:  3/3        EV:  9    Int:  9    God:
Gold:   68         SH:  4    Dex: 12    Spells: 2/2 levels left

rFire    . . .     SeeInvis .   a - +0 rapier
rCold    . . .     Gourm    .   o - +0 buckler
rNeg     . . .     Faith    .   b - +0 scale mail
rPois    .         Spirit   .   (no helmet)
rElec    .         Reflect  .   (no cloak)
rCorr    .         Harm     .   e - +0 pair of gloves
MR       .....                  (no boots)
Stlth    +.........             (no amulet)
HPRegen  0.09/turn              (no ring)
MPRegen  0.08/turn              (no ring)

@: no status effects
A: nightstalker 1, sturdy frame 1
a: no special abilities


You were on level 2 of the Dungeon.
You were not hungry.

You visited 1 branch of the dungeon, and saw 2 of its levels.

You collected 68 gold pieces.

Inventory:

Hand Weapons
 a - a +0 rapier (weapon)
Missiles
 k - 73 stones (quivered)
Armour
 b - a +0 scale mail (worn)
 c - a +0 shield
 e - a +0 pair of gloves (worn)
 o - a +0 buckler (worn)
Scrolls
 h - a scroll of amnesia {unknown}
 i - a scroll of identify {unknown}
 j - 2 scrolls of remove curse {unknown}
 l - a scroll of noise {unknown}
 n - 2 scrolls of teleportation {unknown}
Potions
 d - a potion of might
 m - a potion of cancellation {unknown}
 p - a potion of lignification {unknown}
Comestibles
 f - 4 rations


   Skills:
 + Level 3.2 Fighting
 + Level 2.1 Short Blades
 + Level 2.9 Armour
 * Level 3.2 Shields


You had 2 spell levels left.
You didn't know any spells.
Your spell library was empty.

Dungeon Overview and Level Annotations

Branches:
Dungeon (2/15)

Altars:

Annotations:
D:2 Sigmund


Innate Abilities, Weirdness & Mutations

You are slightly more attuned to the shadows.
Your movements are slightly less encumbered by armour. (ER -2)


Message History

You closely miss Sigmund.
Sigmund is moderately wounded.
Sigmund barely misses you.
You closely miss Sigmund.
Sigmund is moderately wounded.
Sigmund barely misses you.
All of the chunks of flesh in your inventory have rotted away.
You hit Sigmund.
Sigmund is moderately wounded.
Sigmund hits you with a +0 scythe!
* * * LOW HITPOINT WARNING * * *
You completely miss Sigmund.
Sigmund is moderately wounded.
You hit Sigmund.
Sigmund is heavily wounded.
Sigmund hits you but does no damage.
You closely miss Sigmund.
Sigmund is heavily wounded.
Sigmund hits you with a +0 scythe!
You die...

#####.##### #.####### #.#
#.......# ##'## #######.#
##...## #######.#
##.....## ........#
##.[.....### ##.##†♣♣♣♣♣♣
#.........##.#...#.......
+.........+........♣♣♣♣♣♣
#.........# .#.@@...#
##.......## #..##†##
##.<...## #.# #.# ##...##
... ..# ##+## ### ###


You could see Sigmund.

Vanquished Creatures
  2 dart slugs (D:1)
  3 hobgoblins (D:1)
  7 bats (D:1)
  2 frilled lizards
  7 goblins
  2 kobolds (D:1)
  3 rats (D:1)
26 creatures vanquished.

Vanquished Creatures (others)
  4 toadstools (D:1)
4 creatures vanquished.

Grand Total: 30 creatures vanquished

Notes
Turn   | Place    | Note
-------+----------+-------------------------------------------
     0 | D:1      | FishyPogo the Demonspawn Fighter began the quest for the
                  | Orb.
     0 | D:1      | Reached XP level 1. HP: 18/18 MP: 1/1
   101 | D:1      | Gained mutation: You are slightly more attuned to the
                  | shadows. [demonic ancestry]
   101 | D:1      | Reached XP level 2. HP: 24/24 MP: 2/2
   434 | D:1      | Gained mutation: Your movements are slightly less
                  | encumbered by armour. (ER -2) [demonic ancestry]
   434 | D:1      | Reached XP level 3. HP: 29/29 MP: 3/3
   573 | D:2      | Noticed Sigmund
   588 | D:2      | Mangled by Sigmund

Levels and vault maps discovered:
D:1:      ldierk_walled_garden_2, layout_rooms
D:2:      layout_loops_corners, serial_forest, infiniplex_forest_straight_2,
          infiniplex_forest_straight_4, infiniplex_forest_clump_small,
          infiniplex_forest_end_2, infiniplex_forest_clump_curved,
          infiniplex_forest_clump_curved, infiniplex_forest_clump_double,
          infiniplex_forest_clump_small, infiniplex_forest_3_way,
          infiniplex_forest_end_1, chequers_ecumenical_altar_simple_redux,
          kennysheep_generic_room_4, uniq_sigmund, uniq_terence

Skill      XL: |  1  2 |
---------------+-------+-----
Short Blades   | 2 |  2.1
Shields        | 3 |  3.2
Fighting       | |  3.2
Armour         | |  2.9

Action                   || total
-------------------------++-------
Melee: Rapier            ||    66
Armor: Scale mail        ||    30
Dodge: Dodged            ||    17
Block: Shield            ||    25
